 Dungeon Crawl Stone Soup version 0.23.0 (webtiles) character file.

Game seed: 10103936812486434519

2387 Nygeryga the Cleaver (level 9, -5/78 HPs)
             Began as a Minotaur Fighter on Feb 10, 2019.
             Was a Follower of Okawaru.
             Slain by a gnoll shaman
             ... wielding a cursed +0 club
              (8 damage)
             ... on level 6 of the Dungeon.
             The game lasted 00:14:37 (5408 turns).

Nygeryga the Cleaver (Minotaur Fighter)             Turns: 5408, Time: 00:14:38

Health: -5/78      AC: -5    Str: 23    XL:     9   Next: 22%
Magic:  8/8        EV:  7    Int:  5    God:    Okawaru [*.....]
Gold:   278        SH: 10    Dex: 11    Spells: 8/8 levels left

rFire    x x .     SeeInvis .   a - +0 war axe
rCold    + + .     Gourm    .   c - +1 shield
rNeg     . . .     Faith    .   b - +0 scale mail
rPois    .         Spirit   .   (helmet restricted)
rElec    .         Reflect  .   (no cloak)
rCorr    .         Harm     .   (no gloves)
MR       .....                  (no boots)
Stlth    ..........             (no amulet)
HPRegen  0.23/turn              v - ring of ice
MPRegen  0.11/turn              g - ring of ice

@: corroded
A: retaliatory headbutt, horns 2
a: Heroism, Renounce Religion


You were on level 6 of the Dungeon.
You worshipped Okawaru.
Okawaru was aware of your devotion.
You were hungry.

You visited 2 branches of the dungeon, and saw 7 of its levels.

You collected 278 gold pieces.

Inventory:

Hand Weapons
 a - a +0 war axe (weapon)
Armour
 b - a +0 scale mail (worn)
 c - a +1 shield (worn)
Jewellery
 g - a ring of ice (right hand)
 k - an uncursed amulet of inaccuracy
 v - a ring of ice (left hand)
Wands
 r - a wand of clouds (4)
Scrolls
 e - a scroll of remove curse
 i - 2 scrolls of identify
 l - 3 scrolls of enchant armour
 n - a scroll of magic mapping
 w - a scroll of teleportation {unknown}
 x - a scroll of immolation {unknown}
 y - a scroll of fog
 A - a scroll of summoning {unknown}
Potions
 d - a potion of cancellation {unknown}
 h - 2 potions of agility {unknown}
 j - 2 potions of lignification
 m - 2 potions of degeneration
 o - a potion of ambrosia
 p - a potion of berserk rage {unknown}
 q - a potion of brilliance
 s - 4 potions of mutation
 t - 4 potions of curing
 u - a potion of heal wounds {unknown}
 z - a potion of invisibility {unknown}
 B - a potion of might
Comestibles
 f - 7 rations


   Skills:
 + Level 6.9 Fighting
 * Level 13.2 Axes
 - Level 3.6 Armour
 - Level 3.6 Shields


You had 8 spell levels left.
You didn't know any spells.
Your spell library was empty.

Dungeon Overview and Level Annotations

Branches:
Dungeon (6/15)             Temple (1/1) D:6

Altars:
Cheibriados
Fedhas
Gozag
Hepliaklqana
Kikubaaqudgha
Nemelex Xobeh
Okawaru
Qazlal
Ru
Sif Muna
Trog
Uskayaw
Vehumet
Wu Jian
Xom
The Shining One


Innate Abilities, Weirdness & Mutations

You reflexively headbutt those who attack you in melee.
You have a pair of horns on your head.


Message History

* * * LOW HITPOINT WARNING * * *
The jelly closely misses you. You furiously retaliate!
You headbutt the jelly, but do no damage.
The gnoll shaman hits you but does no damage.
A gnoll comes into view.
You see here a +0 short sword.
Your shield and scale mail prevent you from hitting the gnoll shaman.
You hit the jelly but do no damage.
Your hands burn!
* * * LOW HITPOINT WARNING * * *
The gnoll shaman hits you with a cursed +0 club.
* * * LOW HITPOINT WARNING * * *
The jelly hits you.
* * * LOW HITPOINT WARNING * * *
The acid corrodes you!
You are splashed with acid!
* * * LOW HITPOINT WARNING * * *
You completely miss the gnoll shaman. Your headbutt misses the gnoll shaman.
You slash the jelly! The acid corrodes you!
Your hands burn!
* * * LOW HITPOINT WARNING * * *
The gnoll shaman hits you with a cursed +0 club!
You die...

##.....##
#...
#.......#
###.
#.......#
#.
#.......#
#
#.......#
####....#
##..'....#
#g########
##gg@JJ.##
#######'#
.J.P....J#
.J.P.JJJ.#
.J.J.....#
JP.JJ..P.#
.P÷..J...#
:..P.....#
##########


You could see a gnoll shaman, 2 jellies and 2 gnolls.

Vanquished Creatures
  2 slime creatures (D:6)
  Sigmund (D:5)
  Duvessa (D:5)
  An ice beast (D:6)
  A phantom (D:5)
  Blork the orc (D:4)
  5 big kobolds (D:6)
  A bullfrog (D:6)
  Dowan (D:5)
  A scorpion (D:4)
  2 howler monkeys
  3 crimson imps (D:5)
  A centaur zombie (D:6)
  2 hounds
  2 centaur skeletons (D:4)
  5 jellies
  2 orc priests
  A bullfrog zombie (D:6)
  4 iguanas
  2 orc wizards (D:5)
  2 worker ants (D:4)
  3 gnolls (D:2)
  6 adders
  3 oozes
  A worm (D:4)
  5 dart slugs
  2 leopard geckos (D:4)
  22 orcs
  3 bats
  12 goblins
  10 hobgoblins
  9 jackals
  2 quokkas
  A ball python zombie (D:5)
  2 frilled lizards
  7 kobolds
  A leopard gecko skeleton (D:4)
  A leopard gecko zombie (D:5)
  A quokka skeleton (D:5)
  A quokka zombie (D:5)
  11 rats
144 creatures vanquished.

Vanquished Creatures (others)
  4 fungi (D:6)
  6 toadstools (D:6)
10 creatures vanquished.

Grand Total: 154 creatures vanquished

Notes
Turn   | Place    | Note
-------+----------+-------------------------------------------
     0 | D:1      | Nygeryga the Minotaur Fighter began the quest for the Orb.
     0 | D:1      | Reached XP level 1. HP: 19/19 MP: 0/0
   160 | D:1      | Reached skill level 3 in Axes
   160 | D:1      | Reached XP level 2. HP: 27/27 MP: 1/1
   599 | D:1      | Reached XP level 3. HP: 34/34 MP: 2/2
  1030 | D:2      | Reached skill level 4 in Axes
  1279 | D:2      | Reached XP level 4. HP: 25/41 MP: 3/3
  1570 | D:2      | Reached skill level 5 in Axes
  1874 | D:2      | Found a sacrificial altar of Ru.
  1882 | D:2      | Reached XP level 5. HP: 47/47 MP: 4/4
  2067 | D:3      | Reached skill level 6 in Axes
  2132 | D:3      | Found a snail-covered altar of Cheibriados.
  2552 | D:4      | Reached skill level 5 in Fighting
  2552 | D:4      | Reached XP level 6. HP: 52/56 MP: 5/5
  2604 | D:4      | Reached skill level 7 in Axes
  2740 | D:4      | Found an ancient bone altar of Kikubaaqudgha.
  2846 | D:4      | Reached skill level 8 in Axes
  2898 | D:4      | Found the +2 robe of Vines {NoPotionHeal Regen+7}
  2972 | D:4      | Noticed Blork the orc
  2983 | D:4      | Killed Blork the orc
  2983 | D:4      | Reached XP level 7. HP: 39/61 MP: 6/6
  3108 | D:4      | Found a deep blue altar of Sif Muna.
  3346 | D:5      | Entered Level 5 of the Dungeon
  3353 | D:5      | Reached skill level 9 in Axes
  3665 | D:5      | Found a bloodstained altar of Trog.
  3667 | D:5      | Found a blossoming altar of Fedhas.
  3893 | D:5      | Noticed Duvessa
  3893 | D:5      | Noticed Dowan
  3959 | D:5      | Killed Duvessa
  3959 | D:5      | Reached skill level 10 in Axes
  4272 | D:5      | Killed Dowan
  4272 | D:5      | Reached XP level 8. HP: 69/69 MP: 7/7
  4753 | D:6      | Noticed Sigmund
  4759 | D:5      | Killed Sigmund
  4759 | D:5      | Reached skill level 11 in Axes
  4880 | D:6      | Found a staircase to the Ecumenical Temple.
  4983 | Temple   | Entered the Ecumenical Temple
  5072 | Temple   | Became a worshipper of Warmaster Okawaru
  5230 | D:6      | Reached skill level 12 in Axes
  5367 | D:6      | Noticed a slime creature
  5367 | D:6      | Noticed a slime creature
  5378 | D:6      | Killed a slime creature
  5378 | D:6      | Reached * piety under Okawaru
  5378 | D:6      | Reached XP level 9. HP: 75/78 MP: 8/8
  5401 | D:6      | Reached skill level 13 in Axes
  5408 | D:6      | HP: 3/78 [acid (1)]
  5408 | D:6      | Slain by a gnoll shaman

Skill      XL: |  1  2  3  4  5  6  7  8  9 |
---------------+----------------------------+-----
Fighting       | 4 5 6 |  6.9
Axes           | 3 4 5 6 8 10 12 13 | 13.2
Armour         | |  3.6
Shields        | |  3.6

Action                   |  1- 3 |  4- 6 |  7- 9 || total
-------------------------+-------+-------+-------++-------
Melee: War axe           |    85 |   129 |   226 ||   440
       Headbutt          |    12 |    23 |    40 ||    75
Evoke: Wand              |       |       |     1 ||     1
  Use: Scroll            |       |    13 |       ||    13
       Potion            |       |       |     1 ||     1
 Stab: Confused          |       |       |     1 ||     1
  Eat: Chunk             |     1 |     6 |     7 ||    14
Armor: Scale mail        |    38 |    44 |    56 ||   138
Dodge: Dodged            |    36 |    31 |    26 ||    93
Block: Shield            |    42 |    71 |   107 ||   220
